 Dungeon Crawl Stone Soup version 0.25.0-33-gff14898491 (webtiles) character file.

Game seed: 928055768188639947

85 Delamore the Skirmisher (level 4, -1/30 HPs)
             Began as a Gargoyle Fighter on July 7, 2020.
             Slain by Sigmund
             ... wielding a +2 vampiric scythe
              (10 damage)
             ... on level 3 of the Dungeon.
             The game lasted 00:01:53 (1867 turns).

Delamore the Skirmisher (Gargoyle Fighter)          Turns: 1867, Time: 00:01:54

Health: -1/30      AC: 11    Str: 20    XL:     4   Next: 48%
Magic:  4/4        EV:  7    Int:  9    God:
Gold:   136        SH:  0    Dex:  9    Spells: 3/3 levels left

rFire    . . .     SeeInvis .   a - +0 flail
rCold    . . .     Gourm    .   c - +0 kite shield
rNeg     + . .     Faith    .   b - +0 scale mail
rPois    ∞         Spirit   .   (no helmet)
rElec    +         Reflect  .   p - +0 cloak
rCorr    .         Harm     .   (no gloves)
MR       .....                  (no boots)
Stlth    ..........             (no amulet)
HPRegen  0.10/turn              (no ring)
MPRegen  0.09/turn              (no ring)

@: confused
A: negative energy resistance 1, electricity resistance, unbreathing,
petrification resistance, rot immunity, AC +3
a: no special abilities


You were on level 3 of the Dungeon.
You were not hungry.

You visited 1 branch of the dungeon, and saw 3 of its levels.

You collected 136 gold pieces.

Inventory:

Hand Weapons
 a - a +0 flail (weapon)
Armour
 b - a +0 scale mail (worn)
 c - a +0 kite shield (worn)
 p - a +0 cloak (worn)
Jewellery
 q - an uncursed ring of magical power {unknown}
Scrolls
 e - 3 scrolls of enchant weapon {unknown}
 g - a scroll of blinking {unknown}
 j - 3 scrolls of identify {unknown}
 k - a scroll of magic mapping {unknown}
 m - a scroll of remove curse {unknown}
Potions
 d - 3 potions of might
 h - 2 potions of ambrosia {unknown}
 i - 4 potions of heal wounds {unknown}
 n - a potion of stabbing {unknown}
 o - a potion of brilliance {unknown}
 r - a potion of curing {unknown}
Comestibles
 f - 6 rations
 l - 3 chunks of flesh


   Skills:
 + Level 4.6 Fighting
 + Level 3.4 Maces & Flails
 - Level 3.2 Armour
 - Level 3.2 Shields


You had 3 spell levels left.
You didn't know any spells.
Your spell library was empty.

Dungeon Overview and Level Annotations

Branches:
Dungeon (3/15)

Altars:
Xom

Annotations:
D:3 Sigmund


Innate Abilities, Weirdness & Mutations

You are resistant to torment.
Your stone body is resilient. (AC +3)
You are immune to poison.
You resist negative energy. (rN+)
You are resistant to electric shocks. (rElec)
You can survive without breathing.
You are immune to petrification.
You are immune to rotting.


Message History

You block the adder's attack. The adder bites you but does no damage.
You block something's attack.
Your shield prevents you from hitting the adder.
The adder is heavily wounded.
You block the adder's attack. x2
You closely miss the adder.
The adder is heavily wounded.
Something hits you!
* * * LOW HITPOINT WARNING * * *
The adder bites you but does no damage.
You sock the adder!
You kill the adder!
You block something's attack. You block something's attack.
You miss something. Something hits you but does no damage.
You miss something.
You hear some strange, mumbled words.
You are confused.
You completely miss something. Something hits you!
You die...

.. #..... .. ..
#....# ...
.##....# #..
.#....###. #.#
.[.......# #..#
#)...##..#
.###..###(........
.......<{.........
.######@#.....#...
#.#.....#
#.#####.# #.# .#
#.# # #.. ... ###


There were no monsters in sight!

Vanquished Creatures
  2 adders
  2 leopard geckos (D:2)
  2 giant cockroaches
  9 goblins
  7 hobgoblins
  4 jackals (D:1)
  7 kobolds
  A quokka (D:2)
  11 bats
  2 frilled lizards (D:1)
  A quokka zombie (D:2)
  10 rats
58 creatures vanquished.

Notes
Turn   | Place    | Note
-------+----------+-------------------------------------------
     0 | D:1      | Delamore the Gargoyle Fighter began the quest for the Orb.
     0 | D:1      | Reached XP level 1. HP: 14/14 MP: 1/1
   111 | D:1      | Reached XP level 2. HP: 15/19 MP: 2/2
   514 | D:1      | Reached XP level 3. HP: 24/24 MP: 3/3
   515 | D:1      | Reached skill level 4 in Fighting
  1181 | D:2      | Found a faded altar of an unknown god.
  1245 | D:2      | Reached XP level 4. HP: 30/30 MP: 4/4
  1475 | D:2      | Found a shimmering altar of Xom.
  1802 | D:3      | Noticed Sigmund
  1867 | D:3      | Slain by Sigmund

Illustrated notes

Levels and vault maps discovered:
D:1:      minmay_arrival_split_and_join, layout_basic, serial_glass,
          glass_columns_a, glass_columns_a, minmay_quantized
D:2:      layout_loops_ring, lemuel_crystal_altar,
          chequers_ecumenical_altar_grove, grunt_ministairs_11,
          kennysheep_generic_room_13
D:3:      layout_rooms, old_standard_altar, first_ration,
          minmay_misc_feat_nine_boxes, uniq_natasha, uniq_sigmund

Skill      XL: |  1  2  3 |
---------------+----------+-----
Fighting       | 4 |  4.6
Maces & Flails | 3 |  3.4
Armour         | |  3.2
Shields        | |  3.2

Action                   |  1- 3 |  4- 6 || total
-------------------------+-------+-------++-------
Melee: Flail             |   163 |    79 ||   242
  Eat: Chunk             |     1 |     3 ||     4
Armor: Scale mail        |   115 |    65 ||   180
Dodge: Dodged            |    69 |    29 ||    98
Block: Kite shield       |    94 |    49 ||   143
